Get step-by-step instructions on how to execute this build order below. Start the game timer, and the build order will tick by so you can play in parallel with StarCraft on a second screen or mobile device.

Game Time

  0:00

Last Step

  N/A

Next Step

  12  0:00  Probe  

Upcoming Step

  13  0:12  Probe  

Don't want to look back and forth between 2 screens? Try out our Overwolf App, the Spawning Tool Build Advisor to get an in-game overlay with this build!

Complete Build Order

  12  0:00  Probe  
  13  0:12  Probe  
  14  0:17  Pylon  
  14  0:25  Probe (Chrono Boost)  
  16  0:36  Gateway  
  16  0:37  Probe (Chrono Boost)  
  16  0:42  Probe (Chrono Boost)  
  16  0:45  Assimilator  
  17  0:51  Probe  
  18  0:58  Forge  
  18  1:03  Probe  
  19  1:22  Cybernetics Core  
  19  1:28  Pylon  
  19  1:38  Probe  
  20  1:43  Pylon x2  
  20  1:48  Photon Cannon  
  20  1:55  Pylon  
  20  2:01  Pylon  
  20  2:04  Pylon  
  20  2:22  Probe  
  21  2:25  Stargate  
  21  2:33  Assimilator  
  21  2:34  Probe, Photon Cannon  
  22  2:38  Photon Cannon  
  22  2:45  Stalker (Chrono Boost)  
  22  2:46  Probe  
  25  2:55  Pylon  
  25  2:59  Probe  
  26  3:12  Oracle (Chrono Boost)  
  29  3:35  Nexus  
  29  3:42  Pylon  
  29  3:52  Photon Cannon  
  29  3:54  Probe  
  30  4:04  Oracle (Chrono Boost)  
  33  4:10  Probe  
  33  4:15  Warp Gate  
  34  4:22  Probe  
  35  4:33  Gateway  
  35  4:34  Probe  
  35  4:36  Gateway  
  36  4:47  Protoss Ground Weapons Level 1 (Chrono Boost)  
  36  4:50  Probe (Chrono Boost)  
  36  4:51  Probe (Chrono Boost)  
  40  5:00  Probe (Chrono Boost)  
  40  5:02  Probe (Chrono Boost)  
  40  5:05  Probe (Chrono Boost)  
  40  5:10  Probe  
  42  5:16  Twilight Council  
  42  5:17  Probe  
  42  5:18  Pylon  
  43  5:22  Probe  
  43  5:27  Pylon  
  44  5:29  Probe  
  44  5:35  Probe  
  46  5:40  Robotics Facility  
  46  5:41  Probe  
  47  5:43  Assimilator  
  47  5:46  Assimilator  
  47  5:47  Probe  
  48  5:53  Charge  
  48  5:54  Probe  
  49  5:59  Probe  
  49  6:02  Zealot x3  
  56  6:08  Probe, Templar Archives  
  56  6:11  Probe  
  58  6:26  Nexus  
  58  6:27  Pylon  
  58  6:28  Probe  
  58  6:29  Probe  
  58  6:31  Observer  
  61  6:37  Sentry x3  
  61  6:38  Protoss Ground Weapons Level 2 (Chrono Boost)  
  67  6:41  Pylon  
  67  6:42  Probe x2  
  69  6:53  Photon Cannon  
  69  6:54  Gateway  
  69  6:57  Probe  
  69  6:58  Probe  
  71  7:02  Gateway  
  71  7:11  Gateway  
  71  7:13  High Templar x2  
  71  7:14  Zealot  
  77  7:17  Archon  
  77  7:20  Probe x2  
  79  7:23  Warp Prism (Chrono Boost)  
  81  7:30  Gateway  
  81  7:34  Gateway  
  81  7:36  Observer  
  81  7:37  Probe x2  
  81  7:43  Probe  
  84  7:44  High Templar  
  84  7:45  High Templar, Zealot  
  84  7:49  Archon  
  90  7:53  Probe x2  
  90  7:55  Probe  
  93  7:59  Stalker  
  95  8:06  Probe  
  95  8:07  Probe  
  95  8:08  Assimilator x2  
  95  8:09  Probe, Robotics Facility  
  98  8:20  Pylon  
  98  8:22  Pylon  
  98  8:33  Pylon  
  98  8:34  Pylon  
  98  8:37  Probe x3  
  98  8:38  Immortal  
  105  8:50  Probe x2  
  105  8:53  Stalker x6  
  118  8:57  Stalker  
  118  9:02  Pylon  
  113  9:03  Stalker  
  113  9:09  Phoenix (Chrono Boost)  
  100  9:17  Probe x2  
  100  9:25  Psionic Storm  
  100  9:30  Stalker  
  100  9:31  Stalker x4  
  107  9:37  Probe x2 (Chrono Boost)  
  110  9:48  Probe x2 (Chrono Boost)  
  110  9:49  Probe (Chrono Boost)  
  110  9:52  High Templar x2  
  116  10:03  High Templar x2  
  116  10:06  Pylon  
  120  10:07  Pylon  
  120  10:08  Photon Cannon  
  120  10:09  Observer  
  120  10:10  Photon Cannon  
  120  10:11  Probe  
  120  10:13  Immortal (Chrono Boost)  
  125  10:21  High Templar  
  125  10:26  Probe  
  128  10:29  Pylon  
  128  10:31  Immortal (Chrono Boost)  
  132  10:38  Probe x2  
  132  10:39  Probe  
  135  10:46  Pylon, Immortal (Chrono Boost)  
  135  10:48  High Templar  
  141  10:59  Nexus  
  141  11:02  Photon Cannon x2  
  141  11:05  High Templar x2  
  141  11:08  Observer  
  141  11:10  Immortal  
  140  11:31  Zealot x6  
  152  11:41  High Templar  
  152  11:42  High Templar  
  152  11:45  Pylon x2  
  154  11:47  Pylon x2  
  154  11:48  Pylon  
  154  11:59  Pylon  
  154  12:00  Pylon  
  148  12:08  High Templar x3, Pylon  
  148  12:09  High Templar, Zealot x2  
  148  12:12  Nexus  
  154  12:18  Archon  
  154  12:20  Archon  
  154  12:22  Archon  
  152  12:23  High Templar  
  152  12:24  High Templar  
  145  12:37  High Templar  
  145  12:38  Zealot  
  148  12:45  High Templar  
  148  12:46  Zealot x3  
  155  12:59  Gateway  
  155  13:01  Gateway  
  153  13:07  High Templar x2, Zealot x3  
  153  13:08  Zealot  
  153  13:10  Zealot  
  153  13:12  Archon  
  167  13:23  Zealot  
  167  13:28  High Templar x2  
  167  13:29  Zealot x2  
  167  13:32  Archon  
  175  13:38  Zealot  
  175  13:39  Zealot x2  
  181  13:56  Archon  
  181  13:57  Archon x2  
  151  14:09  Stalker  
  131  14:10  Stalker x9